TOP OF THE 1ST |
Sioux Falls Red Pandas batting - Pitching for Gryfindor Braves : RHP Don Cunningham
|
Pitching: RHP Don Cunningham
|
|
Batting: RHB Jorge Díaz
|
0-0: Foul Ball, location: 2F 0-1: Foul Ball, location: 2F 0-2: Ground out 6-3 (Groundball, 6M)
|
Batting: RHB Raúl Delgado
|
0-0: Fly out, F8 (Flyball, 8LM)
|
Batting: RHB Eduardo Sánchez
|
0-0: Called Strike 0-1: Foul Ball, location: 2F 0-2: Ball 1-2: Foul Ball, location: 2F 1-2: SINGLE (Line Drive, 34)
|
Batting: RHB Jim Scott
|
0-0: Ball 1-0: Fielders Choice at 2nd, U6 (Groundball, 6M)
|
Top of the 1st over - 0 run(s), 1 hit(s), 0 error(s), 1 left on base; Sioux Falls 0 - Gryfindor 0 |
BOTTOM OF THE 1ST |
Gryfindor Braves batting - Pitching for Sioux Falls Red Pandas : RHP Raúl Gálvez
|
Pitching: RHP Raúl Gálvez
|
|
Batting: LHB Micheal Garren
|
0-0: Foul Ball, location: 2F 0-1: Swinging Strike 0-2: Ground out 4-3 (Groundball, 34)
|
Batting: LHB Dave Lee
|
0-0: Called Strike 0-1: Ball 1-1: Ball 2-1: Ground out 6-3 (Groundball, 6)
|
Batting: RHB Turner Coleman
|
0-0: Ball 1-0: Ball 2-0: Ball 3-0: Base on Balls
|
Batting: LHB Michael Smith
|
0-0: Foul Ball, location: 2F 0-1: Foul Ball, location: 2F 0-2: Foul Ball, location: 2F 0-2: Ball 1-2: SINGLE (Popup, 5D) Turner Coleman to second
|
Batting: SHB Arturo Romero
|
0-0: Called Strike 0-1: Ball 1-1: Swinging Strike 1-2: Ball 2-2: Foul Ball, location: 2F 2-2: Strikes out swinging
|
Bottom of the 1st over - 0 run(s), 1 hit(s), 0 error(s), 2 left on base; Sioux Falls 0 - Gryfindor 0 |
TOP OF THE 2ND |
Sioux Falls Red Pandas batting - Pitching for Gryfindor Braves : RHP Don Cunningham
|
Batting: LHB António González
|
0-0: Swinging Strike 0-1: Swinging Strike 0-2: SINGLE (Line Drive, 9S)
|
Batting: RHB Mario Piña
|
0-0: Called Strike 0-1: Grounds into double play, 4-6-3 (Groundball, 4)
|
Batting: RHB Dale Carney
|
0-0: Ball 1-0: Called Strike 1-1: Ball 2-1: Fly out, F4 (Popup, 4D)
|
Top of the 2nd over - 0 run(s), 1 hit(s), 0 error(s), 0 left on base; Sioux Falls 0 - Gryfindor 0 |
BOTTOM OF THE 2ND |
Gryfindor Braves batting - Pitching for Sioux Falls Red Pandas : RHP Raúl Gálvez
|
Batting: LHB Jack Schmitt
|
0-0: SINGLE (Groundball, 56S)
|
Batting: SHB Emílio Gonzáles
|
0-0: Ball 1-0: Ball 2-0: Called Strike 2-1: Fielders Choice at 2nd, 6-4 (Groundball, 6)
|
Batting: RHB Jim Unknown
|
0-0: Called Strike 0-1: Ball 1-1: Called Strike 1-2: Ball 2-2: Grounds into double play, 4-6-3 (Groundball, 34)
|
Bottom of the 2nd over - 0 run(s), 1 hit(s), 0 error(s), 0 left on base; Sioux Falls 0 - Gryfindor 0 |
TOP OF THE 3RD |
Sioux Falls Red Pandas batting - Pitching for Gryfindor Braves : RHP Don Cunningham
|
Batting: SHB Tsing Guao
|
0-0: Ball 1-0: Ball 2-0: Swinging Strike 2-1: DOUBLE (Line Drive, 7LS)
|
Batting: SHB Carroll Kline
|
0-0: Ball 1-0: Ground out 5-3 (Groundball, 5L)
|
Batting: RHB Jorge Díaz
|
0-0: Ball 1-0: Foul Ball, location: 2F 1-1: Ground out U3 (Groundball, 3S) Tsing Guao to third
|
Batting: RHB Raúl Delgado
|
0-0: Ball 1-0: SINGLE (Groundball, 56) Tsing Guao scores
|
Batting: RHB Eduardo Sánchez
|
0-0: Ball 1-0: Fly out, F8 (Flyball, 8RM)
|
Top of the 3rd over - 1 run(s), 2 hit(s), 0 error(s), 1 left on base; Sioux Falls 1 - Gryfindor 0 |
BOTTOM OF THE 3RD |
Gryfindor Braves batting - Pitching for Sioux Falls Red Pandas : RHP Raúl Gálvez
|
Batting: RHB Jim Unknown
|
0-0: Ground out 1-3 (Groundball, 13S)
|
Batting: LHB Micheal Garren
|
0-0: Swinging Strike 0-1: Ground out 6-3 (Groundball, 6M)
|
Batting: LHB Dave Lee
|
0-0: Ball 1-0: Ball 2-0: Called Strike 2-1: Ball 3-1: SINGLE (Groundball, 4)
|
Batting: RHB Turner Coleman
|
0-0: Ball 1-0: Called Strike 1-1: Ball 2-1: Called Strike 2-2: Fly out, F8 (Flyball, 8LD)
|
Bottom of the 3rd over - 0 run(s), 1 hit(s), 0 error(s), 1 left on base; Sioux Falls 1 - Gryfindor 0 |
TOP OF THE 4TH |
Sioux Falls Red Pandas batting - Pitching for Gryfindor Braves : RHP Don Cunningham
|
Batting: RHB Jim Scott
|
0-0: Ball 1-0: Ball 2-0: DOUBLE (Flyball, 78M)
|
Batting: LHB António González
|
0-0: Fly out, F5 (Popup, 15)
|
Batting: RHB Mario Piña
|
0-0: Ball 1-0: 2-RUN HOME RUN (Line Drive, 9LD), Distance : 359 ft
|
Batting: RHB Dale Carney
|
0-0: Called Strike 0-1: Ball 1-1: Swinging Strike 1-2: Ball 2-2: Hit by Pitch
|
Batting: SHB Tsing Guao
|
0-0: Foul Ball, location: 2F Pickoff Throw to First - Error! E1 Dale Carney to second 0-1: Swinging Strike 0-2: Strikes out looking
|
Batting: SHB Carroll Kline
|
0-0: Foul Ball, location: 2F 0-1: Ball 1-1: Called Strike 1-2: Ball 2-2: Ball 3-2: Strikes out swinging
|
Top of the 4th over - 2 run(s), 2 hit(s), 1 error(s), 1 left on base; Sioux Falls 3 - Gryfindor 0 |
BOTTOM OF THE 4TH |
Gryfindor Braves batting - Pitching for Sioux Falls Red Pandas : RHP Raúl Gálvez
|
Batting: LHB Michael Smith
|
0-0: Ball 1-0: Foul Ball, location: 2F 1-1: Foul Ball, location: 2F 1-2: SINGLE (Line Drive, 89S)
|
Batting: SHB Arturo Romero
|
0-0: Called Strike 0-1: Foul Ball, location: 2F 0-2: Grounds into double play, 4-6-3 (Groundball, 4M)
|
Batting: LHB Jack Schmitt
|
0-0: Ball 1-0: Called Strike 1-1: Ball 2-1: Ground out 4-3 (Groundball, 13)
|
Bottom of the 4th over - 0 run(s), 1 hit(s), 0 error(s), 0 left on base; Sioux Falls 3 - Gryfindor 0 |
TOP OF THE 5TH |
Sioux Falls Red Pandas batting - Pitching for Gryfindor Braves : RHP Don Cunningham
|
Batting: RHB Jorge Díaz
|
0-0: Called Strike 0-1: Foul Ball, location: 2F 0-2: Foul Ball, location: 2F 0-2: Foul Ball, location: 2F 0-2: Ball 1-2: Ground out 4-3 (Groundball, 4)
|
Batting: RHB Raúl Delgado
|
0-0: Ball 1-0: Foul Ball, location: 2F 1-1: Ball 2-1: Fly out, F4 (Popup, 4)
|
Batting: RHB Eduardo Sánchez
|
0-0: Ball 1-0: Fly out, F5 (Popup, 13)
|
Top of the 5th over - 0 run(s), 0 hit(s), 0 error(s), 0 left on base; Sioux Falls 3 - Gryfindor 0 |
BOTTOM OF THE 5TH |
Gryfindor Braves batting - Pitching for Sioux Falls Red Pandas : RHP Raúl Gálvez
|
Batting: SHB Emílio Gonzáles
|
0-0: Foul Ball, location: 2F 0-1: Called Strike 0-2: Ball 1-2: Foul Ball, location: 2F 1-2: Ground out 1-3 (Groundball, 15S)
|
Batting: RHB Jim Unknown
|
0-0: Ball 1-0: Fly out, F7 (Line Drive, 7M)
|
Batting: RHB Jim Unknown
|
0-0: Fly out, F9 (Flyball, 89M)
|
Bottom of the 5th over - 0 run(s), 0 hit(s), 0 error(s), 0 left on base; Sioux Falls 3 - Gryfindor 0 |
TOP OF THE 6TH |
Sioux Falls Red Pandas batting - Pitching for Gryfindor Braves : RHP Don Cunningham
|
Batting: RHB Jim Scott
|
0-0: Foul Ball, location: 2F 0-1: Ground out 5-3 (Groundball, 5S)
|
Batting: LHB António González
|
0-0: Ball 1-0: Ball 2-0: Ball 3-0: Called Strike 3-1: Called Strike 3-2: Foul Ball, location: 2F 3-2: Base on Balls
|
Batting: RHB Mario Piña
|
0-0: Ball 1-0: Called Strike 1-1: Ball 2-1: Foul Ball, location: 2F 2-2: SINGLE (Line Drive, 4MD) António González to second
|
Pitching: RHP Juan Cantú
|
|
Batting: RHB Dale Carney
|
0-0: Ball 1-0: Called Strike 1-1: Called Strike 1-2: Strikes out swinging
|
Batting: SHB Tsing Guao
|
0-0: Ball 1-0: Ball 2-0: Called Strike 2-1: Ball 3-1: Foul Ball, location: 2F 3-2: Ground out 6-3 (Groundball, 6M)
|
Top of the 6th over - 0 run(s), 1 hit(s), 0 error(s), 2 left on base; Sioux Falls 3 - Gryfindor 0 |
BOTTOM OF THE 6TH |
Gryfindor Braves batting - Pitching for Sioux Falls Red Pandas : RHP Raúl Gálvez
|
Batting: LHB Micheal Garren
|
0-0: Foul Ball, location: 2F 0-1: Ball 1-1: Ball 2-1: Fly out, F8 (Flyball, 8RS)
|
Batting: LHB Dave Lee
|
0-0: Called Strike 0-1: SINGLE (Flyball, 6MD)
|
Pitching: RHP Jesús Rivera
|
|
Batting: RHB Turner Coleman
|
0-0: Called Strike 0-1: Grounds into double play, 1-6-3 (Groundball, 15)
|
Bottom of the 6th over - 0 run(s), 1 hit(s), 0 error(s), 0 left on base; Sioux Falls 3 - Gryfindor 0 |
TOP OF THE 7TH |
Sioux Falls Red Pandas batting - Pitching for Gryfindor Braves : RHP Juan Cantú
|
Batting: SHB Carroll Kline
|
0-0: Called Strike 0-1: Ball 1-1: Ball 2-1: Ball 3-1: Base on Balls
|
Batting: RHB Jorge Díaz
|
0-0: Ball 1-0: Ball 2-0: Foul Ball, location: 2F 2-1: Ball 3-1: Base on Balls Carroll Kline to second
|
Batting: RHB Raúl Delgado
|
0-0: Called Strike 0-1: Ball 1-1: Swinging Strike 1-2: Strikes out looking
|
Batting: RHB Eduardo Sánchez
|
0-0: Swinging Strike 0-1: Ball 1-1: Ball 2-1: Ball 3-1: Foul Ball, location: 2F 3-2: Strikes out swinging
|
Batting: RHB Jim Scott
|
0-0: Ball 1-0: Foul Ball, location: 2F 1-1: SINGLE (Line Drive, 8LS) Carroll Kline to third Jorge Díaz to second Runner from 3rd tries for Home, throw and OUT!
|
Top of the 7th over - 0 run(s), 1 hit(s), 0 error(s), 2 left on base; Sioux Falls 3 - Gryfindor 0 |
BOTTOM OF THE 7TH |
Gryfindor Braves batting - Pitching for Sioux Falls Red Pandas : RHP Jesús Rivera
|
Batting: LHB Michael Smith
|
0-0: Ball 1-0: Fly out, F8 (Line Drive, 8RS)
|
Batting: SHB Arturo Romero
|
0-0: Ball 1-0: Ball 2-0: Called Strike 2-1: Foul Ball, location: 2F 2-2: Foul Ball, location: 2F 2-2: Ball 3-2: Base on Balls
|
Batting: LHB Jack Schmitt
|
0-0: Swinging Strike 0-1: Fly out, F8 (Flyball, 78D)
|
Batting: SHB Emílio Gonzáles
|
0-0: Fly out, F8 (Flyball, 8RXD)
|
Bottom of the 7th over - 0 run(s), 0 hit(s), 0 error(s), 1 left on base; Sioux Falls 3 - Gryfindor 0 |
TOP OF THE 8TH |
Sioux Falls Red Pandas batting - Pitching for Gryfindor Braves : RHP Juan Cantú
|
Batting: LHB António González
|
0-0: Ball 1-0: Ball 2-0: Foul Ball, location: 2F 2-1: Foul Ball, location: 2F 2-2: Strikes out swinging
|
Batting: RHB Mario Piña
|
0-0: Called Strike 0-1: Called Strike 0-2: Ball 1-2: Strikes out swinging
|
Batting: RHB Dale Carney
|
0-0: Ball 1-0: Ball 2-0: Ball 3-0: Base on Balls
|
Batting: SHB Tsing Guao
|
0-0: Ball 1-0: Ground out 4-3 (Groundball, 4)
|
Top of the 8th over - 0 run(s), 0 hit(s), 0 error(s), 1 left on base; Sioux Falls 3 - Gryfindor 0 |
BOTTOM OF THE 8TH |
Gryfindor Braves batting - Pitching for Sioux Falls Red Pandas : RHP Jesús Rivera
|
Batting: RHB Jim Unknown
|
0-0: Ball 1-0: Ball 2-0: Ball 3-0: Called Strike 3-1: Base on Balls
|
Batting: RHB Jim Unknown
|
0-0: Called Strike 0-1: Ball 1-1: SINGLE (Flyball, 8LS) Jim Unknown to second
|
Pitching: LHP Cody Brown
|
|
Batting: LHB Micheal Garren
|
0-0: Swinging Strike 0-1: Fielders Choice at 2nd, 3-6 (Groundball, 3) Jim Unknown to third
|
Batting: LHB Dave Lee
|
0-0: Fly out, F9 (Line Drive, 9M) Runner from 3rd tags up, SCORES, throw made
|
Pitching: RHP Jim Unknown
|
|
Batting: RHB Turner Coleman
|
0-0: Called Strike 0-1: Ball 1-1: Ball 2-1: Fly out, F7 (Flyball, 78D)
|
Bottom of the 8th over - 1 run(s), 1 hit(s), 0 error(s), 1 left on base; Sioux Falls 3 - Gryfindor 1 |
TOP OF THE 9TH |
Sioux Falls Red Pandas batting - Pitching for Gryfindor Braves : RHP Juan Cantú
|
Batting: SHB Carroll Kline
|
0-0: Ball 1-0: Called Strike 1-1: SINGLE (Line Drive, 9S)
|
Batting: RHB Jorge Díaz
|
0-0: Ball 1-0: Ball 2-0: Foul Ball, location: 2F 2-1: Swinging Strike 2-2: Ball 3-2: Strikes out swinging
|
Batting: RHB Raúl Delgado
|
0-0: Ball 1-0: Ball 2-0: Ball 3-0: Base on Balls Carroll Kline to second
|
Pitching: RHP Jim Unknown
|
|
Batting: RHB Eduardo Sánchez
|
0-0: Ball 1-0: Called Strike 1-1: Fly out, F7 (Flyball, 7S)
|
Pitching: RHP Pat Vogel
|
|
Batting: RHB Jim Scott
|
0-0: Ball 1-0: Foul Ball, location: 2F 1-1: Reached on error, E5 (Groundball, 5S) Carroll Kline to third Raúl Delgado to second
|
Batting: LHB António González
|
0-0: Ball 1-0: Foul Ball, location: 2F 1-1: Swinging Strike 1-2: Foul Ball, location: 2F 1-2: Ground out 4-3 (Groundball, 34)
|
Top of the 9th over - 0 run(s), 1 hit(s), 1 error(s), 3 left on base; Sioux Falls 3 - Gryfindor 1 |
BOTTOM OF THE 9TH |
Gryfindor Braves batting - Pitching for Sioux Falls Red Pandas : RHP Jim Unknown
|
Pitching: RHP Jim Unknown
|
|
Batting: LHB Michael Smith
|
0-0: Ball 1-0: Called Strike 1-1: Ball 2-1: Fly out, F8 (Line Drive, 8LS)
|
Batting: SHB Arturo Romero
|
0-0: Foul Ball, location: 2F 0-1: Ball 1-1: Ball 2-1: Ball 3-1: Ground out 5-3 (Groundball, 5S)
|
Batting: LHB Jack Schmitt
|
0-0: Ball 1-0: Called Strike 1-1: SINGLE (Groundball, 3L)
|
Batting: SHB Emílio Gonzáles
|
0-0: Ball 1-0: Called Strike 1-1: Ball 2-1: Ball 3-1: Base on Balls Jack Schmitt to second
|
Batting: RHB Jim Unknown
|
0-0: Ball 1-0: Ball 2-0: Ball 3-0: Called Strike 3-1: Base on Balls Jack Schmitt to third Emílio Gonzáles to second
|
Batting: RHB Jim Unknown
|
0-0: Fly out, F8 (Flyball, 8LS)
|
Bottom of the 9th over - 0 run(s), 1 hit(s), 0 error(s), 3 left on base; Sioux Falls 3 - Gryfindor 1 |
|